TOP OF THE 1ST |
Philadelphia Phillies batting - Pitching for Washington Nationals : LHP Joe Hincks
|
Pitching: LHP Joe Hincks
|
|
Batting: SHB Patrick Kimmel
|
0-0: SINGLE (Line Drive, 56, EV 102.5 MPH)
|
Batting: RHB Ji-an Li
|
0-0: Ball 1-0: Ball 2-0: Swinging Strike 2-1: Foul Ball, location: 2F 2-2: Fly out, F9 (Flyball, 9LD, EV 95.0 MPH)
|
Batting: LHB Eric Katz
|
0-0: Swinging Strike 0-1: Grounds into double play, 5-4-3 (Groundball, 56S, EV 91.3 MPH)
|
Top of the 1st over - 0 runs, 1 hit, 0 errors, 0 left on base; Philadelphia 0 - Washington 0 |
BOTTOM OF THE 1ST |
Washington Nationals batting - Pitching for Philadelphia Phillies : LHP Randy Karnes
|
Pitching: LHP Randy Karnes
|
|
Batting: RHB Luis Torres
|
0-0: Called Strike 0-1: Ball 1-1: Foul Ball, location: 2F 1-2: DOUBLE (Line Drive, 3D, EV 95.6 MPH)
|
Batting: RHB C.J. Beavers
|
0-0: Ball 1-0: Foul Ball, location: 2F 1-1: Called Strike Luis Torres steals 3rd base 1-2: Ball 2-2: 2-RUN HOME RUN (Flyball, 89XD, EV 97.5 MPH), Distance : 384 ft
|
Batting: SHB Junzo Kato
|
0-0: Ball 1-0: Swinging Strike 1-1: Fly out, F8 (Flyball, 78S, EV 89.4 MPH)
|
Batting: RHB John Sanders
|
0-0: Ground out 6-3 (Groundball, 6, EV 81.3 MPH)
|
Batting: LHB R.J. O'Brien
|
0-0: Called Strike 0-1: Fly out, F8 (Flyball, 78D, EV 80.6 MPH)
|
Bottom of the 1st over - 2 runs, 2 hits, 0 errors, 0 left on base; Philadelphia 0 - Washington 2 |
TOP OF THE 2ND |
Philadelphia Phillies batting - Pitching for Washington Nationals : LHP Joe Hincks
|
Batting: LHB Alberto Figueroa
|
0-0: Called Strike 0-1: Foul Ball, location: 2F 0-2: Ball 1-2: Ground out 5-3 (Groundball, 5, EV 88.1 MPH)
|
Batting: RHB Raul de la Cruz
|
0-0: Called Strike 0-1: Ball 1-1: Ball 2-1: Ball 3-1: Fly out, F9 (Flyball, 89D, EV 103.1 MPH)
|
Batting: LHB Ryan Trombley
|
0-0: Foul Ball, location: 2F 0-1: Fly out, F6 (Popup, 6MD, EV 49.4 MPH)
|
Top of the 2nd over - 0 runs, 0 hits, 0 errors, 0 left on base; Philadelphia 0 - Washington 2 |
BOTTOM OF THE 2ND |
Washington Nationals batting - Pitching for Philadelphia Phillies : LHP Randy Karnes
|
Batting: RHB Dan Fallon
|
0-0: Swinging Strike 0-1: Foul Ball, location: 2F 0-2: Ball 1-2: Foul Ball, location: 2F 1-2: Foul Ball, location: 2F 1-2: Foul Ball, location: 2F 1-2: Ball 2-2: Strikes out swinging
|
Batting: LHB Armando Carbajal
|
0-0: Called Strike 0-1: Ball 1-1: Ball 2-1: Hit by Pitch
|
Batting: RHB Mike Blair
|
0-0: Foul Ball, location: 2F 0-1: Ball 1-1: Fly out, F9 (Flyball, 9, EV 78.1 MPH)
|
Batting: SHB Andrew Wray II
|
0-0: Called Strike 0-1: 2-RUN HOME RUN (Flyball, 78XD, EV 104.4 MPH), Distance : 401 ft
|
Batting: RHB Luis Torres
|
0-0: Called Strike 0-1: Ball 1-1: Fly out, F9 (Flyball, 89S, EV 82.5 MPH)
|
Bottom of the 2nd over - 2 runs, 1 hit, 0 errors, 0 left on base; Philadelphia 0 - Washington 4 |
TOP OF THE 3RD |
Philadelphia Phillies batting - Pitching for Washington Nationals : LHP Joe Hincks
|
Batting: LHB Nick Canizales
|
0-0: Called Strike 0-1: Ball 1-1: Ball 2-1: Ball 3-1: DOUBLE (Groundball, 5L, EV 105.0 MPH)
|
Batting: RHB Luis Arce
|
0-0: DOUBLE (Flyball, 89D, EV 85.0 MPH) Nick Canizales scores
|
Batting: SHB Rafael Vazquez
|
0-0: Ball 1-0: Ball 2-0: Ball 3-0: Base on Balls
|
Batting: SHB Patrick Kimmel
|
0-0: Called Strike 0-1: Foul Ball, location: 2F 0-2: Ball 1-2: Strikes out swinging
|
Batting: RHB Ji-an Li
|
0-0: Foul Ball, location: 2F 0-1: Ball 1-1: Called Strike 1-2: Ball 2-2: Fly out, F8 (Flyball, 8RXD, EV 101.9 MPH) Runner from 2nd tags up, SAFE at 3rd, no throw by CF
|
Batting: LHB Eric Katz
|
0-0: Called Strike 0-1: Foul Ball, location: 2F 0-2: Ball 1-2: Strikes out swinging
|
Top of the 3rd over - 1 run, 2 hits, 0 errors, 2 left on base; Philadelphia 1 - Washington 4 |
BOTTOM OF THE 3RD |
Washington Nationals batting - Pitching for Philadelphia Phillies : LHP Randy Karnes
|
Batting: RHB C.J. Beavers
|
0-0: Fly out, F7 (Line Drive, 7, EV 88.1 MPH)
|
Batting: SHB Junzo Kato
|
0-0: Called Strike 0-1: Ball 1-1: Ball 2-1: Swinging Strike 2-2: Ball 3-2: SINGLE (Line Drive, 8RS, EV 91.3 MPH)
|
Batting: RHB John Sanders
|
0-0: Ball Wild Pitch! Junzo Kato to second 1-0: Ball 2-0: Foul Ball, location: 2F 2-1: Ball 3-1: Called Strike 3-2: Strikes out swinging
|
Batting: LHB R.J. O'Brien
|
0-0: Ball 1-0: Ball 2-0: Ball 3-0: Base on Balls
|
Batting: RHB Dan Fallon
|
0-0: Ball Wild Pitch! Junzo Kato to third R.J. O'Brien to second 1-0: Called Strike 1-1: Ground out 4-3 (Groundball, 34, EV 102.5 MPH)
|
Bottom of the 3rd over - 0 runs, 1 hit, 0 errors, 2 left on base; Philadelphia 1 - Washington 4 |
TOP OF THE 4TH |
Philadelphia Phillies batting - Pitching for Washington Nationals : LHP Joe Hincks
|
Batting: LHB Alberto Figueroa
|
0-0: Ball 1-0: Ball 2-0: Called Strike 2-1: Ground out U3 (Groundball, 3S, EV 85.0 MPH)
|
Batting: RHB Raul de la Cruz
|
0-0: Fly out, F8 (Line Drive, 8RM, EV 97.5 MPH)
|
Batting: LHB Ryan Trombley
|
0-0: Called Strike 0-1: Swinging Strike 0-2: Strikes out swinging
|
Top of the 4th over - 0 runs, 0 hits, 0 errors, 0 left on base; Philadelphia 1 - Washington 4 |
BOTTOM OF THE 4TH |
Washington Nationals batting - Pitching for Philadelphia Phillies : LHP Randy Karnes
|
Batting: LHB Armando Carbajal
|
0-0: Ball 1-0: Ball 2-0: Ball 3-0: Base on Balls
|
Batting: RHB Mike Blair
|
0-0: Called Strike 0-1: Ball 1-1: Foul Ball, location: 2F 1-2: Ball 2-2: Ball 3-2: Fly out, F9 (Flyball, 9D, EV 95.6 MPH)
|
Batting: SHB Andrew Wray II
|
0-0: Ball 1-0: Foul Ball, location: 2F 1-1: Ball 2-1: Foul Ball, location: 2F 2-2: 2-RUN HOME RUN (Line Drive, 89XD, EV 101.9 MPH), Distance : 406 ft
|
Pitching: LHP Luis Concepcion
|
|
Batting: RHB Luis Torres
|
0-0: Called Strike 0-1: Ball 1-1: Foul Ball, location: 2F 1-2: SINGLE (Groundball, 34D, EV 96.3 MPH)
|
Batting: RHB C.J. Beavers
|
0-0: Called Strike 0-1: Called Strike 0-2: Foul Ball, location: 2F 0-2: Fly out, F5 (Line Drive, 5, EV 66.9 MPH)
|
Batting: SHB Junzo Kato
|
0-0: Ball Luis Torres steals 2nd base 1-0: Called Strike 1-1: Foul Ball, location: 2F 1-2: Strikes out swinging
|
Bottom of the 4th over - 2 runs, 2 hits, 0 errors, 1 left on base; Philadelphia 1 - Washington 6 |
TOP OF THE 5TH |
Philadelphia Phillies batting - Pitching for Washington Nationals : LHP Joe Hincks
|
DELAY
|
Rain delay of 21 minutes in the 5th inning.
|
Batting: LHB Nick Canizales
|
0-0: Ball 1-0: Ball 2-0: Foul Ball, location: 2F 2-1: Ball 3-1: Swinging Strike 3-2: Strikes out looking
|
Batting: RHB Luis Arce
|
0-0: Ball 1-0: Ball 2-0: Ball 3-0: Called Strike 3-1: Foul Ball, location: 2F 3-2: Foul Ball, location: 2F 3-2: Ground out 5-3 (Groundball, 56, EV 94.4 MPH)
|
Batting: SHB Rafael Vazquez
|
0-0: TRIPLE (Flyball, 8RXD, EV 103.8 MPH)
|
Batting: SHB Patrick Kimmel
|
0-0: Ball 1-0: Reached on error, E7 (Flyball, 7S, EV 86.9 MPH) Rafael Vazquez scores
|
Batting: RHB Ji-an Li
|
0-0: Called Strike 0-1: Ball 1-1: Ball 2-1: Foul Ball, location: 2F 2-2: Foul Ball, location: 2F 2-2: Foul Ball, location: 2F 2-2: Foul Ball, location: 2F 2-2: Foul Ball, location: 2F 2-2: Strikes out looking
|
Top of the 5th over - 1 run, 1 hit, 1 error, 1 left on base; Philadelphia 2 - Washington 6 |
BOTTOM OF THE 5TH |
Washington Nationals batting - Pitching for Philadelphia Phillies : LHP Luis Concepcion
|
Batting: RHB John Sanders
|
0-0: Swinging Strike 0-1: Ball 1-1: Foul Ball, location: 2F 1-2: Foul Ball, location: 2F 1-2: Fly out, F8 (Line Drive, 8RM, EV 91.9 MPH)
|
Batting: LHB R.J. O'Brien
|
0-0: Ball 1-0: DOUBLE (Flyball, 8LXD, EV 107.5 MPH)
|
Batting: RHB Dan Fallon
|
0-0: Called Strike 0-1: Foul Ball, location: 2F 0-2: Ball 1-2: Ball 2-2: DOUBLE (Line Drive, 7LM, EV 110.0 MPH) R.J. O'Brien scores
|
Batting: LHB Armando Carbajal
|
0-0: Ball 1-0: Foul Ball, location: 2F 1-1: Swinging Strike 1-2: Strikes out swinging
|
Batting: RHB Mike Blair
|
0-0: Foul Ball, location: 2F 0-1: Fly out, F9 (Flyball, 9LM, EV 91.9 MPH)
|
Bottom of the 5th over - 1 run, 2 hits, 0 errors, 1 left on base; Philadelphia 2 - Washington 7 |
TOP OF THE 6TH |
Philadelphia Phillies batting - Pitching for Washington Nationals : LHP Joe Hincks
|
Batting: LHB Eric Katz
|
0-0: Ball 1-0: Called Strike 1-1: Swinging Strike 1-2: Strikes out looking
|
Batting: LHB Alberto Figueroa
|
0-0: Ball 1-0: Called Strike 1-1: Ground out U3 (Groundball, 34, EV 78.8 MPH)
|
Batting: RHB Raul de la Cruz
|
0-0: Called Strike 0-1: Ball 1-1: Ball 2-1: Called Strike 2-2: Foul Ball, location: 2F 2-2: Fly out, F9 (Flyball, 9S, EV 86.3 MPH)
|
Top of the 6th over - 0 runs, 0 hits, 0 errors, 0 left on base; Philadelphia 2 - Washington 7 |
BOTTOM OF THE 6TH |
Washington Nationals batting - Pitching for Philadelphia Phillies : LHP Luis Concepcion
|
Batting: SHB Andrew Wray II
|
0-0: Ground out 4-3 (Groundball, 4, EV 86.3 MPH)
|
Batting: RHB Luis Torres
|
0-0: Ball 1-0: Ball 2-0: Ball 3-0: Base on Balls
|
Batting: RHB C.J. Beavers
|
0-0: Foul Ball, location: 2F 0-1: Called Strike 0-2: Ball 1-2: Ball 2-2: Grounds into double play, 5-4-3 (Groundball, 56, EV 81.9 MPH)
|
Bottom of the 6th over - 0 runs, 0 hits, 0 errors, 0 left on base; Philadelphia 2 - Washington 7 |
TOP OF THE 7TH |
Philadelphia Phillies batting - Pitching for Washington Nationals : LHP Joe Hincks
|
Batting: LHB Ryan Trombley
|
0-0: Ball 1-0: SINGLE (Groundball, 3D, EV 101.3 MPH)
|
Batting: LHB Nick Canizales
|
0-0: Called Strike 0-1: Foul Ball, location: 2F 0-2: Ball 1-2: SINGLE (Line Drive, 34D, EV 95.6 MPH) Ryan Trombley to second
|
Batting: RHB Luis Arce
|
0-0: Ball 1-0: Grounds into double play, 6-4-3 (Groundball, 6, EV 90.0 MPH) Ryan Trombley to third
|
Batting: SHB Rafael Vazquez
|
0-0: Swinging Strike 0-1: Ground out 6-3 (Groundball, 6M, EV 88.8 MPH)
|
Top of the 7th over - 0 runs, 2 hits, 0 errors, 1 left on base; Philadelphia 2 - Washington 7 |
BOTTOM OF THE 7TH |
Washington Nationals batting - Pitching for Philadelphia Phillies : LHP Luis Concepcion
|
Batting: SHB Junzo Kato
|
0-0: Ball 1-0: Ground out 5-3 (Groundball, 56S, EV 83.1 MPH)
|
Batting: RHB John Sanders
|
0-0: Ball 1-0: Ball 2-0: Foul Ball, location: 2F 2-1: Foul Ball, location: 2F 2-2: TRIPLE (Flyball, 9LD, EV 114.4 MPH)
|
Pitching: RHP Mike Kamm
|
|
Batting: LHB R.J. O'Brien
|
0-0: Ball 1-0: Called Strike 1-1: Ground out 4-3 (Groundball, 4, EV 82.5 MPH) John Sanders scores
|
Batting: RHB Dan Fallon
|
0-0: Ball 1-0: DOUBLE (Line Drive, 7LM, EV 95.0 MPH)
|
Batting: LHB Armando Carbajal
|
0-0: Foul Ball, location: 2F 0-1: Ball 1-1: Ball 2-1: Foul Ball, location: 2F 2-2: Ball 3-2: Base on Balls
|
Batting: RHB Mike Blair
|
0-0: Ball 1-0: Called Strike 1-1: Foul Ball, location: 2F 1-2: Fielders Choice at 2nd, 6-4 (Groundball, 6, EV 82.5 MPH)
|
Bottom of the 7th over - 1 run, 2 hits, 0 errors, 2 left on base; Philadelphia 2 - Washington 8 |
TOP OF THE 8TH |
Philadelphia Phillies batting - Pitching for Washington Nationals : LHP Joe Hincks
|
Pitching: RHP Brian Ramirez
|
|
Batting: SHB Patrick Kimmel
|
0-0: Foul Ball, location: 2F 0-1: Foul Ball, location: 2F 0-2: Ball 1-2: Ground out U3 (Groundball, 34S, EV 87.5 MPH)
|
Batting: RHB Ji-an Li
|
0-0: Ball 1-0: SOLO HOME RUN (Flyball, 9D, EV 99.4 MPH), Distance : 371 ft
|
Batting: LHB Eric Katz
|
0-0: Called Strike 0-1: Called Strike 0-2: Fly out, F7 (Flyball, 78M, EV 80.6 MPH)
|
Batting: LHB Alberto Figueroa
|
0-0: Called Strike 0-1: Ball 1-1: Foul Ball, location: 2F 1-2: Ball 2-2: Foul Ball, location: 2F 2-2: Foul Ball, location: 2F 2-2: Strikes out swinging
|
Top of the 8th over - 1 run, 1 hit, 0 errors, 0 left on base; Philadelphia 3 - Washington 8 |
BOTTOM OF THE 8TH |
Washington Nationals batting - Pitching for Philadelphia Phillies : RHP Mike Kamm
|
Batting: SHB Andrew Wray II
|
0-0: Ball 1-0: Called Strike 1-1: Ball 2-1: Ball 3-1: Base on Balls
|
Batting: RHB Luis Torres
|
0-0: Called Strike 0-1: Ball 1-1: Ball 2-1: Called Strike 2-2: Grounds into double play, 4-6-3 (Groundball, 34, EV 85.6 MPH)
|
Batting: RHB C.J. Beavers
|
0-0: Ball 1-0: DOUBLE (Line Drive, 8RXD, EV 103.8 MPH)
|
Batting: SHB Junzo Kato
|
0-0: Fly out, F7 (Flyball, 7S, EV 88.1 MPH)
|
Bottom of the 8th over - 0 runs, 1 hit, 0 errors, 1 left on base; Philadelphia 3 - Washington 8 |
TOP OF THE 9TH |
Philadelphia Phillies batting - Pitching for Washington Nationals : RHP Brian Ramirez
|
Batting: RHB Raul de la Cruz
|
0-0: Foul Ball, location: 2F 0-1: Swinging Strike 0-2: Strikes out looking
|
Batting: LHB Ryan Trombley
|
0-0: Called Strike 0-1: Foul Ball, location: 2F 0-2: Ground out U3 (Groundball, 23, EV 88.1 MPH)
|
Batting: LHB Nick Canizales
|
0-0: Fly out, F9 (Line Drive, 9, EV 106.9 MPH)
|
Top of the 9th over - 0 runs, 0 hits, 0 errors, 0 left on base; Philadelphia 3 - Washington 8 |
|